 Dungeon Crawl Stone Soup version 0.27.1-2-g3b301248ec (webtiles) character file.

Game seed: 16452288124113519801

487 karkarkar the Chopper (level 6, -7/57 HPs)
             Began as a Minotaur Berserker on Sept 24, 2021.
             Was a Priest of Trog.
             Mangled by Crazy Yiuf (9 damage)
             ... on level 4 of the Dungeon.
             The game lasted 00:09:39 (4753 turns).

karkarkar the Chopper (Minotaur Berserker)          Turns: 4753, Time: 00:09:39

Health: -7/57      AC:  6    Str: 24    XL:     6   Next: 89%
Magic:  5/5        EV: 15    Int:  4    God:    Trog [***...]
Gold:   190        SH:  5    Dex:  9    Spells: 5/5 levels left

rFire    . . .     SeeInvis .   a - +0 hand axe
rCold    . . .     Faith    .   (no shield)
rNeg     . . .     Spirit   .   m - +0 scale mail
rPois    .         Reflect  +   (helmet restricted)
rElec    .         Harm     .   (no cloak)
rCorr    .         Rampage  .   (no gloves)
Will     ++...                  (no boots)
Stlth    ..........             c - amulet of reflection
HPRegen  1.19/turn              (no ring)
MPRegen  0.09/turn              (no ring)

@: agile, lethally poisoned (-7 -> -7), strong-willed, regenerating
A: horns 2, retaliatory headbutt
a: Renounce Religion, Berserk, Trog's Hand


You were on level 4 of the Dungeon.
You worshipped Trog.
Trog was most pleased with you.
You visited 1 branch of the dungeon, and saw 4 of its levels.
You also visited: Sewer.

You collected 190 gold pieces.

Inventory:

Hand Weapons
 a - a +0 hand axe (weapon)
Missiles
 f - a throwing net
 n - 4 boomerangs
 p - 8 poisoned darts
Armour
 m - a +0 scale mail (worn)
Jewellery
 c - an amulet of reflection (around neck)
 k - an amulet of the acrobat
Wands
 b - a wand of iceblast (9)
 i - a wand of digging (3)
 l - a wand of acid (9) (quivered)
Scrolls
 h - a scroll of amnesia {unknown}
 j - 3 scrolls of teleportation
 s - a scroll of fear {unknown}
 t - 2 scrolls of enchant weapon {unknown}
Potions
 d - a potion of cancellation
 e - a potion of mutation
 g - a potion of heal wounds {unknown}
 o - a potion of might
 q - a potion of attraction
 r - a potion of curing {unknown}
 u - a potion of flight


   Skills:
 + Level 5.8 Fighting
 + Level 7.2 Axes
 - Level 2.4 Armour
 - Level 2.1 Dodging
 + Level 0.8 Stealth
 + Level 2.4 Shields
 * Level 1.2 Evocations


You had 5 spell levels left.
You didn't know any spells.
Your spell library was empty.

Dungeon Overview and Level Annotations

Branches:
Dungeon (4/15)              Sewer (visited)
 Temple: D:4-7

Altars:
Makhleb
Xom

Annotations:
D:4 Crazy Yiuf


Innate Abilities, Weirdness & Mutations

You have a pair of horns on your head.
You reflexively headbutt those who attack you in melee.


Message History

You closely miss Crazy Yiuf. Your headbutt misses Crazy Yiuf.
Crazy Yiuf hits you with a +2 quarterstaff of chaos.
You are poisoned.
You slash Crazy Yiuf!
Crazy Yiuf is moderately wounded.
You feel sick. You block Crazy Yiuf's attack.
You completely miss Crazy Yiuf.
Crazy Yiuf is moderately wounded.
You feel sick.
Crazy Yiuf hits you with a +2 quarterstaff of chaos!
Crazy Yiuf burns you.
You hit Crazy Yiuf but do no damage.
You headbutt Crazy Yiuf, but do no damage.
Crazy Yiuf is moderately wounded.
You feel sick.
Crazy Yiuf hits you with a +2 quarterstaff of chaos!
Crazy Yiuf freezes you.
You barely miss Crazy Yiuf.
You headbutt Crazy Yiuf, but do no damage.
Crazy Yiuf is moderately wounded.
You feel sick.
Crazy Yiuf hits you with a +2 quarterstaff of chaos!
You are more poisoned.
You hit Crazy Yiuf but do no damage.
Crazy Yiuf is moderately wounded.
You feel sick.
Crazy Yiuf says, "Two!"
Crazy Yiuf hits you with a +2 quarterstaff of chaos!
* * * LOW HITPOINT WARNING * * *
You feel agile all of a sudden.
You hit Crazy Yiuf.
Crazy Yiuf is severely wounded.
You feel sick.
Crazy Yiuf hits you with a +2 quarterstaff of chaos!
* * * LOW HITPOINT WARNING * * *
You hit Crazy Yiuf but do no damage.
Crazy Yiuf is severely wounded.
You feel sick.
Crazy Yiuf hits you with a +2 quarterstaff of chaos!
You die...

........####
#.##.#
......#.####
######
...........#
.....(#.####
#####
###.#)..#
#)..#
##.###..#
#...# ..##
##.# ...
##.###.##
#g# ##.#.##
♣@♣♣ #..##
♣♣.♣
#.########
♣.♣♣
#........#
♣♣.♣
########<#
♣♣.♣♣ ###
#......#
♣♣...♣
#.....####.#
♣....♣ #.#
#.# #....#
#.# #.#
##....###


You could see Crazy Yiuf.

Vanquished Creatures
  Blork the orc (D:4)
  A howler monkey (D:4)
  A bullfrog zombie (D:4)
  A hound (D:4)
  A gnoll shaman (D:3)
  Ijyb (D:3)
  8 gnolls
  7 adders
  7 worms
  3 dart slugs
  5 orcs (D:3)
  8 ball pythons
  12 endoplasms
  3 giant cockroaches
  7 goblins
  3 hobgoblins
  4 jackals (Sewer)
  9 kobolds
  4 quokkas
  11 bats
  9 frilled lizards
  3 rats
109 creatures vanquished.

Vanquished Creatures (others)
  A hound (D:4)
  An orc wizard (D:4)
  3 adders (D:4)
  A dart slug (D:4)
  5 orcs (D:4)
  A ball python (D:4)
  An endoplasm (D:4)
  A hobgoblin (D:4)
  A kobold (D:4)
  2 quokkas (D:4)
17 creatures vanquished.

Grand Total: 126 creatures vanquished

Notes
Turn   | Place    | Note
-------+----------+-------------------------------------------
     0 | D:1      | karkarkar the Minotaur Berserker began the quest for the
                  | Orb.
     0 | D:1      | Reached XP level 1. HP: 19/19 MP: 0/0
   143 | D:1      | Found a faded altar of an unknown god.
   449 | D:1      | Reached skill level 4 in Axes
   449 | D:1      | Reached XP level 2. HP: 17/27 MP: 1/1
  1480 | D:2      | Reached XP level 3. HP: 34/34 MP: 2/2
  1912 | D:2      | Reached skill level 5 in Axes
  1912 | D:2      | Reached XP level 4. HP: 40/41 MP: 3/3
  2221 | D:3      | Reached ** piety under Trog
  2223 | D:3      | Noticed Ijyb
  2243 | D:3      | Killed Ijyb
  2244 | D:3      | Reached skill level 5 in Fighting
  2244 | D:3      | Reached skill level 1 in Shields
  2545 | D:3      | Reached XP level 5. HP: 32/48 MP: 4/4
  2564 | D:3      | Reached skill level 6 in Axes
  2916 | D:3      | Found a burning altar of Makhleb.
  3311 | D:4      | Reached XP level 6. HP: 26/56 MP: 5/5
  3661 | D:4      | Reached skill level 1 in Evocations
  3673 | D:4      | Found a glowing drain.
  3677 | Sewer    | Entered a sewer
  3682 | Sewer    | Reached skill level 7 in Axes
  3850 | Sewer    | Reached *** piety under Trog
  4279 | D:4      | Noticed Blork the orc
  4287 | D:4      | Killed Blork the orc
  4694 | D:4      | Found a shimmering altar of Xom.
  4740 | D:4      | Found a runed translucent door.
  4741 | D:4      | Noticed Crazy Yiuf
  4753 | D:4      | HP: 2/57 [poisoned by Crazy Yiuf]
  4753 | D:4      | Mangled by Crazy Yiuf

Illustrated notes

Levels and vault maps discovered:
D:1:      dpeg_arrival_connections, layout_basic,
          ebering_ecumenical_altar_petrified
D:2:      cheibrodos_helix_gallery, layout_rooms
D:3:      layout_rooms, mainiacjoe_overflow_concentric_impassable, serial_glass,
          glass_columns_a, glass_columns_c, minmay_misc_feat_ornament,
          st_stairs_11, minmay_vboxes, uniq_ijyb
D:4:      layout_loops_ring, xom_confusion_cloud, gup_sewer_entry_bowl,
          minmay_cupped, uniq_crazy_yiuf_cottage, uniq_blork_the_orc

Skill      XL: |  1  2  3  4  5  6 |
---------------+-------------------+-----
Fighting       | 4 5 |  5.8
Axes           | 4 5 6 7 |  7.2
Shields        | 1 2 |  2.4
Evocations     | 1 |  1.2
Armour         | |  2.4
Dodging        | |  2.1
Stealth        | |  0.8

Action                   |  1- 3 |  4- 6 || total
-------------------------+-------+-------++-------
Melee: Hand axe          |    69 |   205 ||   274
       Headbutt          |     5 |    34 ||    39
Throw: Boomerang         |       |     1 ||     1
Invok: Berserk           |     1 |       ||     1
       Trog's Hand       |       |     8 ||     8
Evoke: Wand              |       |     1 ||     1
  Use: Potion            |       |     5 ||     5
       Scroll            |       |     4 ||     4
Armor: Animal skin       |     4 |       ||     4
       Ring mail         |    13 |    19 ||    32
       Scale mail        |       |    42 ||    42
Dodge: Dodged            |    37 |   122 ||   159
Block: Other             |     9 |    47 ||    56
       Reflection        |       |     2 ||     2
